 Dungeon Crawl Stone Soup version 0.29-a0-821-g66395355a5 (webtiles) character file.

Game seed: 18095880380821277033

94 xian the Conjurer (level 4, 0/27 HPs)
             Began as an Octopode Conjurer on July 7, 2022.
             Slain by a gnoll
             ... wielding a +0 whip
              (7 damage)
             ... on level 3 of the Dungeon.
             The game lasted 00:04:22 (1886 turns).

xian the Conjurer (Octopode Conjurer)               Turns: 1886, Time: 00:04:23

Health: 0/27       AC:  1    Str:  6    XL:     4   Next: 63%
Magic:  1/8        EV: 13    Int: 22    God:
Gold:   86         SH:  0    Dex: 10    Spells: 5/8 levels left

rFire   . . .      SeeInvis .   g - +2 war axe (elec)
rCold   . . .      Faith    .   (no shield)
rNeg    . . .      Spirit   .   (helmet restricted)
rPois   +          Reflect  .   (no amulet)
rElec   .          Harm     .   b - ring of poison resistance
rCorr   .          Rampage  .   (no ring)
Will    .....                   (no ring)
Stlth   +++.......              (no ring)
HPRegen 0.09/turn               (no ring)
MPRegen 0.11/turn               (no ring)
                                (no ring)
                                (no ring)

@: no status effects
A: almost no armour, amphibious, 8 rings, camouflage 1, gelatinous body 1,
(nimble swimmer 1), tentacles
a: no special abilities


You were on level 3 of the Dungeon.
You visited 1 branch of the dungeon, and saw 3 of its levels.

You collected 86 gold pieces.

Inventory:

Hand Weapons
 g - a +2 war axe of electrocution (weapon)
Jewellery
 b - a ring of poison resistance (left tentacle)
Scrolls
 d - 2 scrolls of fear
 f - a scroll of amnesia {unknown}
 h - a scroll of teleportation
 i - a scroll of magic mapping {unknown}
Potions
 a - 2 potions of magic
 c - a potion of mutation
 e - 2 potions of curing {unknown}


   Skills:
 + Level 2.1 Dodging
 + Level 3.0 Stealth
 + Level 2.8 Spellcasting
 + Level 5.3 Conjurations


You had 5 spell levels left.
You knew the following spells:

 Your Spells              Type           Power      Damage    Failure   Level
a - Magic Dart            Conj           100%       1d8       1%          1
b - Searing Ray           Conj           52%        2d6       2%          2

Your spell library contained the following spells:

 Spells                   Type           Power      Damage    Failure   Level
 Slow                     Hex            12%        N/A       13%         1
 Dazzling Flash           Conj/Hex       28%        N/A       13%         3
 Confusing Touch          Hex            3%         N/A       36%         3
 Frozen Ramparts          Ice            6%         1d2       36%         3
 Vampiric Draining        Necr           3%         2d6       36%         3
 Fulminant Prism          Conj/Hex       7%         3d7       38%         4
 Iskenderun's Mystic Bla  Conj/Tloc      14%        2d5       38%         4
 Ice Form                 Ice/Tmut       3%         N/A       77%         4
 Summon Ice Beast         Ice/Summ       3%         N/A       77%         4


Dungeon Overview and Level Annotations

Branches:
Dungeon (3/15)

Altars:

Annotations:
D:3 3 runed translucent doors


Innate Abilities, Weirdness & Mutations

You cannot wear most types of armour.
You are amphibious.
You can wear up to eight rings at the same time.
Your skin changes colour to match your surroundings (Stealth+).
Your rubbery body absorbs attacks. (AC +1, EV +1)
((You are camouflaged when in or above water. (Stealth+)))
You have tentacles for arms and can constrict up to eight enemies at once.


Message History

The magic dart hits the gnoll.
The gnoll is moderately wounded.
A gnoll comes into view. It is wielding a +0 spear.
The magic dart hits the gnoll.
The gnoll is moderately wounded.
The gnoll shouts!
The magic dart hits the gnoll!
The gnoll is almost dead.
A gnoll comes into view. It is wielding a +0 whip.
The magic dart hits the gnoll.
You kill the gnoll!
The magic dart hits the gnoll but does no damage.
The gnoll throws a throwing net.
The throwing net hits you.
You become entangled in the net!
You are held in a net!
You struggle against the net.
You tear a large gash into the net.
An adder comes into view.
You shred the net and break free! The gnoll barely misses you.
Casting: Magic Dart (safe; 1% risk of failure)
Confirm with . or Enter, or press ? or * to list all spells.
Aiming: Searing Ray (safe; 2% risk of failure)
Press: ? - help, Shift-Dir - straight line, f/p - gnoll
Aim: a gnoll, wielding a +0 spear (82% to hit)
The searing ray hits the gnoll!
The gnoll is heavily wounded. (Press . to maintain the ray.)
The gnoll hits you from afar with a +0 spear.
The searing ray hits the gnoll!
You kill the gnoll!
The gnoll hits you with a +0 whip!
You slash the gnoll! Your grab misses the gnoll. You squeeze the gnoll.
The gnoll is severely wounded.
The gnoll closely misses you.
You hit the gnoll. Your grab misses the gnoll.
The gnoll is almost dead.
The gnoll hits you with a +0 whip!
* * * LOW HITPOINT WARNING * * *
The gnoll hits you with a +0 whip!
You die...

#.#.###...##)
#.....)...S..
#....##.###...##.
#.. #.# #...# ## #
#.###...# ..# ..
#.......# #(##..
#.###...# #..###
#g......# #.....
#@###...## #.....
#.# #....####.....
#.# #............#
......##..###.....
...................
##########).........
##.####..#. #.#
#.... # #.# #..#.


You could see a gnoll.

Vanquished Creatures
  2 gnolls (D:3)
  2 adders (D:2)
  A dart slug (D:1)
  6 ball pythons
  6 endoplasms
  A giant cockroach (D:1)
  4 goblins
  9 hobgoblins
  3 kobolds
  4 quokkas
  5 bats (D:1)
  3 frilled lizards
  3 rats
49 creatures vanquished.

Notes
Turn   | Place    | Note
-------+----------+-------------------------------------------
     0 | D:1      | xian the Octopode Conjurer began the quest for the Orb.
     0 | D:1      | Reached XP level 1. HP: 11/11 MP: 3/3
   187 | D:1      | Reached XP level 2. HP: 17/17 MP: 0/5
   469 | D:1      | Reached XP level 3. HP: 21/21 MP: 4/6
   920 | D:1      | Learned a level 2 spell: Searing Ray
  1102 | D:2      | Reached skill level 5 in Conjurations
  1409 | D:2      | Reached XP level 4. HP: 27/27 MP: 2/7
  1840 | D:3      | Found a runed translucent gate.
  1840 | D:3      | Found a runed translucent gate.
  1840 | D:3      | Found a runed translucent gate.
  1886 | D:3      | Slain by a gnoll

Illustrated notes

Levels and vault maps discovered:
D:1:      erik_arrival_triangle_large, layout_basic, serial_bayou_pond_a,
          chequers_serial_rivers_micro_a, minmay_close_crescents
D:2:      layout_basic
D:3:      layout_basic, gammafunk_ghost_icy, uniq_ijyb

Skill      XL: |  1  2  3  4 |
---------------+-------------+-----
Conjurations   | 5 |  5.3
Stealth        | 3 |  3.0
Dodging        | |  2.1
Spellcasting   | |  2.8

Action                   |  1- 3 |  4- 6 || total
-------------------------+-------+-------++-------
Melee: Hand axe          |     8 |       ||     8
       Tentacles         |     2 |     1 ||     3
       Constrict         |     2 |       ||     2
       War axe           |     2 |     2 ||     4
 Cast: Magic Dart        |    64 |    16 ||    80
       Searing Ray       |     1 |     1 ||     2
  Use: Scroll            |     1 |     2 ||     3
Dodge: Dodged            |    20 |     2 ||    22

Table legend: (Time is in decaauts)
 A = Elapsed time spent in this place.
 B = Non-inter-level travel time spent in this place.
 C = Inter-level travel time spent in this place.
 D = Time resting spent in this place.
 E = Time spent auto-exploring this place.
 F = Levels seen in this place.
 G = Mean time per level.
                   A        B        C        D        E       F      G
               +--------+--------+--------+--------+--------+-----+--------+
         Total |   1887 |   1887 |      0 |      0 |   1605 |   3 |  629.0 |
       Dungeon |   1887 |   1887 |      0 |      0 |   1605 |   3 |  629.0 |
               +--------+--------+--------+--------+--------+-----+--------+

Top non-repeatable levels by time:
     D:1: 1068 daAuts
     D:2: 655 daAuts
     D:3: 163 daAuts
